 Dungeon Crawl Stone Soup version 0.27-a0-1193-g8631133539 (webtiles) character file.

Game seed: 12989472081691566103

1180 avis the Reanimator (level 8, -5/58 (62) HPs)
             Began as a Deep Dwarf Necromancer on May 23, 2021.
             Was an Initiate of Makhleb.
             Slain by Harold
             ... wielding a +1 long sword of venom
              (16 damage)
             ... on level 7 of the Dungeon on May 26, 2021.
             The game lasted 01:11:48 (7474 turns).

avis the Reanimator (Deep Dwarf Necromancer)        Turns: 7474, Time: 01:11:48

HP:   -5/58 (62)    AC:  8    Str: 18    XL:     8   Next: 19%
MP:   1/12          EV: 11    Int: 18    God:    Makhleb [......]
Gold: 278           SH:  0    Dex: 13    Spells: 8/13 levels left

rFire    . . .     SeeInvis .   a - +4 hand axe
rCold    . . .     Faith    .   (no shield)
rNeg     . . .     Spirit   .   c - +0 scale mail
rPois    .         Reflect  .   F - +0 helmet
rElec    .         Harm     .   (no cloak)
rCorr    .         Rampage  .   (no gloves)
Will     +....                  C - +0 pair of boots
Stlth    +.........             (no amulet)
HPRegen  0.00/turn              D - +6 ring of strength
MPRegen  0.13/turn              O - ring of wizardry

@: lethally poisoned (-5 -> -9), marked, drained
A: damage resistance, heal wounds, sense surroundings 1, no regeneration
a: Heal Wounds, Renounce Religion


You were on level 7 of the Dungeon.
You worshipped Makhleb.
Makhleb was noncommittal.
You visited 2 branches of the dungeon, and saw 8 of its levels.

You collected 300 gold pieces.
You spent 22 gold pieces at shops.

Inventory:

Hand Weapons
 a - a +4 hand axe (weapon)
 g - a +0 war axe
 u - a +0 flail
Missiles
 b - a curare-tipped dart
 d - 155 stones (quivered)
 l - 15 javelins
 A - 9 boomerangs
 Y - 26 sling bullets
Armour
 c - a +0 scale mail (worn)
 s - a +0 buckler
 C - a +0 pair of boots (worn)
 F - a +0 helmet (worn)
Jewellery
 j - a ring of willpower
 k - a +4 ring of evasion
 r - a ring of protection from cold
 D - a +6 ring of strength (left hand)
 O - a ring of wizardry (right hand)
Wands
 W - a wand of polymorph (13)
Scrolls
 f - a scroll of silence {unknown}
 m - 2 scrolls of identify
 n - a scroll of brand weapon {unknown}
 p - 3 scrolls of magic mapping
 z - a scroll of enchant weapon {unknown}
 H - a scroll of summoning {unknown}
 I - 2 scrolls of amnesia
 K - a scroll of teleportation {unknown}
 M - a scroll of acquirement {unknown}
 U - a scroll of vulnerability {unknown}
 V - a scroll of fear {unknown}
Potions
 e - a potion of cancellation
 h - 2 potions of magic
 i - 2 potions of heal wounds
 o - 2 potions of brilliance
 w - a potion of attraction {unknown}
 E - a potion of haste
 J - a potion of flight {unknown}
 L - a potion of mutation {unknown}
 S - 3 potions of ambrosia {unknown}
 X - a potion of might {unknown}


   Skills:
 - Level 6.0 Dodging
 - Level 3.0 Stealth
 + Level 1.1 Shields
 - Level 3.0 Spellcasting
 + Level 8.6 Necromancy
 + Level 1.4 Invocations
 * Level 3.5 Evocations


You had 8 spell levels left.
You knew the following spells:

 Your Spells              Type           Power      Damage    Failure   Level
a - Pain                  Necr           100%       1d9       1%          1
b - Animate Skeleton      Necr           66%        N/A       1%          1
d - Vampiric Draining     Necr           16%        2d8       1%          3

Your spell library contained the following spells:

 Spells                   Type           Power      Damage    Failure   Level
 Animate Dead             Necr           16%        N/A       6%          4
 Agony                    Necr           33%        N/A       17%         5
 Corona                   Hex            2%         N/A       22%         1
 Magic Dart               Conj           8%         1d3       22%         1
 Sandblast                Erth           4%         2d4       22%         1
 Passwall                 Tmut/Erth      1%         N/A       32%         2
 Poisonous Vapours        Pois/Air       4%         N/A       32%         2
 Searing Ray              Conj           4%         3d3       32%         2
 Slow                     Hex            2%         N/A       32%         2
 Conjure Flame            Conj/Fire      2%         6-21      52%         3
 Dazzling Flash           Conj/Hex       4%         N/A       52%         3
 Inner Flame              Hex/Fire       2%         N/A       52%         3
 Mephitic Cloud           Conj/Pois/Air  2%         N/A       52%         3
 Portal Projectile        Hex/Tloc       4%         N/A       52%         3
 Stone Arrow              Conj/Erth      4%         3d7       52%         3
 Cause Fear               Hex            1%         N/A       89%         4
 Fulminant Prism          Conj/Hex       1%         3d6       89%         4
 Iskenderun's Mystic Bla  Conj/Tloc      2%         2d3       89%         4
 Leda's Liquefaction      Hex/Erth       1%         N/A       89%         4
 Petrify                  Tmut/Erth      2%         N/A       89%         4
 Lee's Rapid Deconstruct  Erth           1%         3d5*      99%         5
 Freezing Cloud           Conj/Ice/Air   1%         6-21      100%        6


Dungeon Overview and Level Annotations

Branches:
Dungeon (7/15)             Temple (1/1) D:6

Altars:
Ashenzari
Cheibriados
Dithmenos
Elyvilon
Fedhas
Gozag
Hepliaklqana
Kikubaaqudgha
Makhleb
Nemelex Xobeh
Okawaru
Qazlal
Ru
Sif Muna
Trog
Uskayaw
Vehumet
Wu Jian
Xom
Yredelemnul
Zin
The Shining One

Shops:
D:6 *

Annotations:
D:4 2 transporters, Sobieck's ghost, novice HOFi
D:7 Harold


Innate Abilities, Weirdness & Mutations

You are resistant to damage.
You can heal yourself by infusing magical energy.
You passively map a small area around you.
You do not regenerate.


Message History

Unknown command.
Casting: Vampiric Draining (safe; 1% risk of failure)
Confirm with . or Enter, or press ? or * to list all spells.
Aiming: Vampiric Draining (safe; 1% risk of failure)
Press: ? - help, Shift-Dir - straight line, f/p - Harold
Aim: Harold, wielding a +1 long sword of venom and wearing a +0 scale mail (moderately wounded, fast)
You draw life force from Harold!
You feel life coursing into your body. Harold closely misses you.
Harold says, "Try to look on the bright side.
Your death will help put my children through school."
Harold casts a spell at you. A sentinel's mark forms upon you.
You feel much better. Harold hits you but does no damage.
You are more poisoned.
You feel better.
Harold hits you with a +1 long sword of venom.
You are poisoned.
Harold hits you with a +1 long sword of venom!!
You are more poisoned.
You feel better.
Harold hits you with a +1 long sword of venom.
You are poisoned.
You hit Harold but do no damage.
Harold is heavily wounded.
Harold hits you with a +1 long sword of venom.
You are more poisoned.
Harold barely misses you.
You hit Harold.
Harold is heavily wounded.
Harold closely misses you. x2
You hit Harold but do no damage.
Harold is heavily wounded.
Harold hits you with a +1 long sword of venom!
You are more poisoned.
Harold misses you.
You hit Harold.
Harold is heavily wounded.
* * * LOW HITPOINT WARNING * * *
You feel extremely sick.
Harold hits you with a +1 long sword of venom!!
You die...

, , > * , ..........#
, ..........# , * ,
..........## *,, ..# *
...........###,, ,..#
*
,.............###*..##
,
...............##...#
* ...................#
.......@@.......# *
#......###......#
##.#### ###...#### *
###....## ### #.....#
###.## #.....##
##....# #......#
#.....## #.....##
##......## #.....#


You could see Harold (fast).

Vanquished Creatures
  A sky beast (D:5)
  An ogre (D:5)
  2 centaurs
  A kobold brigand (D:6)
  5 scorpions
  2 wights (D:6)
  A crimson imp (D:6)
  2 hounds
  A jelly (D:6)
  Terence (D:3)
  A scorpion zombie (D:5)
  A hound skeleton (D:4)
  A mummy (D:5)
  3 gnolls (D:4)
  9 adders
  An ufetubus (D:5)
  2 worms
  A dart slug (D:1)
  10 orcs
  8 ball pythons
  6 endoplasms
  4 goblins
  3 hobgoblins
  8 jackals
  10 kobolds
  2 quokkas
  7 bats
  3 frilled lizards (D:3)
  A hobgoblin zombie (D:5)
  2 kobold zombies (D:5)
  3 rats
103 creatures vanquished.

Notes
Turn   | Place    | Note
-------+----------+-------------------------------------------
     0 | D:1      | avis the Deep Dwarf Necromancer began the quest for the
                  | Orb.
     0 | D:1      | Reached XP level 1. HP: 15/15 MP: 3/3
   161 | D:1      | Found a faded altar of an unknown god.
   294 | D:1      | Reached XP level 2. HP: 14/22 MP: 1/4
   697 | D:1      | Reached skill level 5 in Necromancy
  1201 | D:2      | Reached XP level 3. HP: 12/28 MP: 3/6
  1264 | D:2      | Learned a level 3 spell: Vampiric Draining
  2702 | D:3      | Learned a level 1 spell: Animate Skeleton
  2865 | D:3      | Reached XP level 4. HP: 36/36 MP: 0/7
  3214 | D:3      | Noticed Terence
  3395 | D:3      | Reached skill level 6 in Necromancy
  3513 | D:3      | Killed Terence
  3803 | D:4      | Noticed a centaur
  3806 | D:4      | Killed a centaur
  3807 | D:4      | Reached XP level 5. HP: 40/42 MP: 2/9
  4008 | D:4      | Reached XP level 6. HP: 47/49 MP: 3/10
  4315 | D:4      | Reached skill level 7 in Necromancy
  4651 | D:4      | Found a transporter.
  4652 | D:4      | Found a transporter.
  4652 | D:4      | Noticed Sobieck's ghost (novice HOFi)
  5003 | D:4      | Found an iron altar of Okawaru.
  5005 | D:4      | Found a hide-covered altar of Uskayaw.
  5034 | D:4      | Found a glowing silver altar of Zin.
  5036 | D:4      | Found a shimmering blue altar of Sif Muna.
  5054 | D:5      | Entered Level 5 of the Dungeon
  5113 | D:5      | Noticed a sky beast
  5121 | D:5      | Killed a sky beast
  5122 | D:5      | Reached XP level 7. HP: 48/55 MP: 7/11
  5459 | D:5      | Reached skill level 5 in Dodging
  5737 | D:5      | Reached skill level 8 in Necromancy
  6050 | D:6      | Found a hazy altar of Hepliaklqana.
  6192 | D:6      | Found Labuxke's General Store.
  6198 | D:6      | Bought a scroll of identify for 22 gold pieces
  6232 | D:6      | Found a staircase to the Ecumenical Temple.
  6320 | D:6      | Found a glowing golden altar of the Shining One.
  6409 | D:6      | Upgraded the game from 0.27-a0-1191-g601b473118 to
                  | 0.27-a0-1193-g8631133539
  6430 | Temple   | Entered the Ecumenical Temple
  6555 | D:6      | Found a shimmering altar of Xom.
  6562 | D:6      | Found a burning altar of Makhleb.
  6563 | D:6      | Found a radiant altar of Vehumet.
  6576 | D:6      | Reached skill level 1 in Evocations
  6620 | D:6      | Became a worshipper of Makhleb the Destroyer
  6696 | D:6      | Reached XP level 8. HP: 56/62 MP: 2/12
  7020 | D:6      | Reached skill level 1 in Invocations
  7156 | D:6      | Reached skill level 1 in Shields
  7378 | D:7      | Found an ancient bone altar of Kikubaaqudgha.
  7457 | D:7      | Noticed Harold
  7474 | D:7      | Slain by Harold

Illustrated notes

Levels and vault maps discovered:
D:1:      eino_arrival_tree_alley, layout_basic, basic_ecumenical_altar,
          hex_medium
D:2:      layout_basic, st_stairs_6
D:3:      layout_rooms, uniq_terence
D:4:      layout_loops_ring, nicolae_overflow_hidden_temple,
          gammafunk_ghost_smash
D:5:      layout_basic, nrook_campfire, chequers_serial_rivers_micro_a,
          minmay_mini_ossuary
D:6:      layout_rooms, grunt_temple_overflow_lords_of_destruction,
          tso_oasis_becter, minmay_temple_entry_drinking_statues, serial_shops,
          nicolae_shop_competitors_out_of_business, hangedman_feature_mirror,
          minivault_23
D:7:      layout_cave_pods, overflow_temple_1_default, uniq_harold,
          uniq_menkaure
Temple:   zaba_magenta_temple

Skill      XL: |  1  2  3  4  5  6  7  8 |
---------------+-------------------------+-----
Necromancy     | 5 6 7 8 |  8.6
Spellcasting   | 2 3 |  3.0
Stealth        | 3 |  3.0
Dodging        | 3 4 6 |  6.0
Evocations     | 2 3 |  3.5
Invocations    | 1 |  1.4
Shields        | 1 |  1.1

Action                   |  1- 3 |  4- 6 |  7- 9 || total
-------------------------+-------+-------+-------++-------
Melee: Spear             |    50 |    14 |       ||    64
       Hand axe          |       |    19 |    12 ||    31
       War axe           |       |    28 |    97 ||   125
Throw: Javelin           |     2 |     1 |     7 ||    10
       Dart              |       |       |     6 ||     6
       Boomerang         |       |       |     1 ||     1
 Cast: Pain              |    53 |    50 |     3 ||   106
       Vampiric Draining |     8 |    15 |    23 ||    46
       Animate Skeleton  |       |       |     1 ||     1
 Abil: Heal Wounds       |       |       |     1 ||     1
  Use: Scroll            |       |       |     9 ||     9
       Potion            |       |       |     2 ||     2
 Stab: Sleeping          |     1 |       |       ||     1
Armor: Robe              |    12 |     2 |       ||    14
       Leather armour    |       |    18 |       ||    18
       Scale mail        |       |     2 |    54 ||    56
Dodge: Dodged            |    60 |    80 |    92 ||   232

Table legend: (Time is in decaauts)
 A = Elapsed time spent in this place.
 B = Non-inter-level travel time spent in this place.
 C = Inter-level travel time spent in this place.
 D = Time resting spent in this place.
 E = Time spent auto-exploring this place.
 F = Levels seen in this place.
 G = Mean time per level.
                   A        B        C        D        E       F      G
               +--------+--------+--------+--------+--------+-----+--------+
         Total |   7570 |   6757 |    813 |   1666 |   3519 |   8 |  946.2 |
       Dungeon |   7481 |   6688 |    793 |   1666 |   3465 |   7 | 1068.7 |
        Temple |     88 |     68 |     20 |      0 |     54 |   1 |   88.0 |
               +--------+--------+--------+--------+--------+-----+--------+

Top non-repeatable levels by time:
     D:2: 1819 daAuts
     D:4: 1223 daAuts
     D:6: 1198 daAuts
     D:1: 1065 daAuts
     D:5: 1047 daAuts
     D:3: 991 daAuts
     D:7: 136 daAuts
  Temple: 88 daAuts
